 Dungeon Crawl Stone Soup version 0.29.1-1-gd02db6906a (webtiles) character file.

Game seed: 16539294247484282921

46 Earthwalker the Shield-Bearer (level 3, -3/29 HPs)
             Began as a Formicid Fighter on Oct 22, 2022.
             Killed by divine providence
             ... invoked by an orc priest
              (15 damage)
             ... on level 2 of the Dungeon.
             The game lasted 00:02:54 (1730 turns).

Earthwalker the Shield-Bearer (Formicid Fighter)    Turns: 1730, Time: 00:02:54

Health: -3/29      AC:  6    Str: 20    XL:     3   Next: 95%
Magic:  3/3        EV:  9    Int:  9    God:
Gold:   101        SH:  5    Dex: 13    Spells: 2/2 levels left

rFire   . . .      SeeInvis +   a - +0 flail
rCold   . . .      Faith    .   c - +0 buckler
rNeg    . . .      Spirit   .   b - +0 scale mail
rPois   .          Reflect  .   (helmet unavailable)
rElec   .          Harm     .   (no cloak)
rCorr   .          Rampage  .   (no gloves)
Will    .....                   (no boots)
Stlth   ..........              (no amulet)
HPRegen 0.09/turn               (no ring)
MPRegen 0.08/turn               (no ring)

@: no status effects
A: permanent stasis, dig shafts and tunnels, antennae 3, four strong arms
a: Dig, Shaft Self


You were on level 2 of the Dungeon.
You visited 1 branch of the dungeon, and saw 2 of its levels.

You collected 101 gold pieces.

Inventory:

Hand Weapons
 a - a +0 flail (weapon)
Armour
 b - a +0 scale mail (worn)
 c - a +0 buckler (worn)
Scrolls
 e - a scroll of blinking {unknown}
 g - a scroll of immolation {unknown}
 i - a scroll of fear {unknown}
 j - a scroll of teleportation {unknown}
 l - a scroll of enchant armour {unknown}
 m - a scroll of acquirement {unknown}
 o - a scroll of vulnerability {unknown}
Potions
 d - a potion of might
 f - a potion of invisibility {unknown}
 h - a potion of haste {unknown}
 k - a potion of mutation {unknown}
 n - a potion of heal wounds {unknown}


   Skills:
 + Level 3.6 Fighting
 + Level 2.5 Maces & Flails
 + Level 3.6 Armour
 + Level 1.0 Dodging
 + Level 4.5 Shields


You had 2 spell levels left.
You didn't know any spells.
Your spell library contained the following spells:

 Spells                   Type           Power      Damage    Failure   Level
 Conjure Flame            Conj/Fire      0%         6-21      99%         3
 Ignite Poison            Fire/Tmut/Pois 0%         N/A       99%         3
 Sticky Flame             Conj/Fire      0%         2d3       100%        4


Dungeon Overview and Level Annotations

Branches:
Dungeon (2/15)

Altars:


Innate Abilities, Weirdness & Mutations

You cannot be hasted, slowed, berserked, paralysed or teleported.
You can dig through walls and to a lower floor.
You have a pair of large antennae on your head. (SInv)
Your four strong arms can wield two-handed weapons with a shield.


Message History

You now have 93 gold pieces (gained 12).
You now have 101 gold pieces (gained 8).
o - a scroll labelled ISUPNO OBBIYHO You sense a monster nearby.
An orc and an adder come into view.
The adder hisses angrily.
An orc priest comes into view. It is wielding a +0 flail.
The orc priest shouts!
You hear a shout!
An orc comes into view. It is wielding a +0 whip.
The orc shouts!
You block the adder's attack.
You closely miss the adder. You block the adder's attack.
An orc wizard comes into view. It is wielding a +0 dagger.
The orc priest invokes the aid of Beogh against you.
Beogh smites you! The adder misses you.
The orc wizard shouts!
You hear a shout!
You miss the adder. The orc barely misses you. The adder barely misses you.
The orc barely misses you. The adder barely misses you.
You miss the adder. The adder bites you but does no damage.
The orc hits you with a +0 club.
You hit the adder but do no damage. The adder bites you but does no damage.
An orc comes into view. It is wielding a +0 flail.
The orc hits you with a +0 club. The adder bites you but does no damage.
You closely miss the adder. The adder barely misses you.
The adder closely misses you.
You barely miss the adder. You block the adder's attack.
The orc barely misses you.
The orc priest looks braver for a moment.
You hit the orc wizard but do no damage.
The adder bites you but does no damage. The orc hits you with a +0 whip.
The orc wizard gestures wildly while chanting.
The orc wizard flickers and vanishes for a moment.
The orc priest looks satisfied for a moment.
You block the adder's attack.
You are too injured to fight recklessly!
The orc attacks as you move away! You block the orc's attack.
The orc priest mumbles some strange prayers to Beogh against you.
Beogh smites you!
Ouch! That really hurt!
You die...

#..<...# ... #.(....###
.$# ##..........#.# ###.
#.......#####.### ....
#.##....# ##... ....
##.##....... ... #....
###..###.....###.###..#.#
#.........##...#........#
#......#### ##..@So.####
#.....## ####.#.oo...#
#.....# #....###.oo...#
#.....# #....#...#.##..#
#.....# #....#.###.# ..
#.....# #....#.# .
#....## #......## .#
#....# #...#)..# # #....#
####..#.#


You could see an orc priest, an orc wizard (invisible), an adder and 3 orcs.

Vanquished Creatures
  3 ball pythons
  8 endoplasms
  2 giant cockroaches (D:1)
  4 goblins
  5 hobgoblins (D:1)
  3 jackals (D:1)
  A quokka (D:1)
  3 bats (D:1)
  2 frilled lizards (D:1)
  4 kobolds (D:1)
  3 rats (D:1)
38 creatures vanquished.

Notes
Turn   | Place    | Note
-------+----------+-------------------------------------------
     0 | D:1      | Earthwalker the Formicid Fighter began the quest for the
                  | Orb.
     0 | D:1      | Reached XP level 1. HP: 18/18 MP: 1/1
   127 | D:1      | Reached XP level 2. HP: 24/24 MP: 2/2
   511 | D:1      | Reached XP level 3. HP: 27/29 MP: 3/3
  1311 | D:1      | Found a faded altar of an unknown god.
  1356 | D:1      | Reached skill level 1 in Dodging
  1730 | D:2      | Killed from afar by an orc priest

Illustrated notes

Levels and vault maps discovered:
D:1:      dpeg_arrival_round_b, layout_loops_corners, basic_ecumenical_altar,
          minmay_misc_feat_rows
D:2:      layout_rooms, basic_altar

Skill      XL: |  1  2  3 |
---------------+----------+-----
Dodging        | 1 |  1.0
Fighting       | |  3.6
Maces & Flails | |  2.5
Armour         | |  3.6
Shields        | |  4.5

Action                   || total
-------------------------++-------
Melee: Flail             ||   142
Armor: Scale mail        ||    80
Dodge: Dodged            ||    92
Block: Buckler           ||    48
